 Dungeon Crawl Stone Soup version 0.31.0-11-ge490571c62 (webtiles) character file.

Game seed: 15077451804570591662

671 qw the Ducker (level 7, -1/36 HPs)
             Began as a Spriggan Hunter on Feb 3, 2024.
             Was an Initiate of Okawaru.
             Incinerated by a bombardier beetle (4 damage)
             ... with a burning spray
             ... on level 4 of the Dungeon.
             The game lasted 00:00:12 (3406 turns).

qw the Ducker (Spriggan Hunter)                     Turns: 3406, Time: 00:00:13

Health: -1/36      AC:  4    Str: 10    XL:     7   Next: 32%
Magic:  8/8        EV: 23    Int: 13    God:    Okawaru [......]
Gold:   77         SH:  0    Dex: 24    Spells: 6/6 levels left

rFire   . . .        a - +1 shortbow
rCold   . . .        (shield currently unavailable)
rNeg    . . .        h - +2 robe
rPois   +            (helmet restricted)
rElec   .            (no cloak)
rCorr   .            (gloves unavailable)
SInv    +            (boots unavailable)
Will    +....        c - amulet of Emnaqays {rPois Regen+ Str+3 Int+3 Dex+3}
Stlth   +            (no ring)
HPRegen 1.06/turn    (no ring)
MPRegen 0.11/turn

%: no passive effects
@: on fire, glowing, very quick
A: very small, no large weapons, unfitting armour, see invisible, speed 3
a: Renounce Religion


You were on level 4 of the Dungeon.
You worshipped Okawaru.
Okawaru was noncommittal.
You visited 1 branch of the dungeon, and saw 4 of its levels.

You collected 203 gold pieces.
You spent 126 gold pieces at shops.


Innate Abilities, Weirdness & Mutations

You are very small and have problems with some larger weapons.
You are too small for most types of armour.
You have supernaturally acute eyesight. (SInv)
You cover ground extremely quickly. (Speed+++)


   Skills:
 - Level 3.6 Fighting
 + Level 6.3 Ranged Weapons
 - Level 7.0 Dodging
 - Level 1.5 Stealth


You had 6 spell levels left.
You didn't know any spells.
Your spell library was empty.

Inventory:

Hand Weapons
 a - a +1 shortbow (weapon)
Armour
 h - a +2 robe (worn)
Jewellery
 c - the amulet of Emnaqays (around neck) {rPois Regen+ Str+3 Int+3 Dex+3}
   (You found it on level 4 of the Dungeon)

   [amulet of regeneration]

   Str+3:     It affects your strength (+3).
   Int+3:     It affects your intelligence (+3).
   Dex+3:     It affects your dexterity (+3).
   rPois:     It protects you from poison Regen+: It increases your rate of
   health regeneration.
 j - a ring of fire
Scrolls
 f - a scroll of enchant armour
Potions
 b - 2 potions of heal wounds
 d - a potion of mutation
 e - 7 potions of curing

Dungeon Overview and Level Annotations

Branches:
Dungeon (4/15)
 Temple: D:4-7

Altars:
Okawaru
Ru

Shops:
D:4 [(!((


Message History

The bombardier beetle sprays incendiary fluid at you.
The burning spray hits you.
You are covered in liquid fire!
You shoot an arrow. The arrow hits the bombardier beetle.
The bombardier beetle is heavily wounded.
The liquid fire burns you!
You shoot an arrow.
The arrow closely misses the bombardier beetle.
The liquid fire burns you!
The bombardier beetle sprays incendiary fluid at you.
The burning spray misses you.
You shoot an arrow.
The arrow hits the bombardier beetle but does no damage.
The bombardier beetle is heavily wounded.
The liquid fire burns you!
The bombardier beetle sprays incendiary fluid at you.
The burning spray misses you.
You shoot an arrow. The arrow hits the bombardier beetle!
The bombardier beetle is almost dead.
The liquid fire burns you!
You shoot an arrow. The arrow hits the bombardier beetle.
You kill the bombardier beetle!
Okawaru accepts your kill. The liquid fire burns you!
Your Dodging skill increases to level 7!
You are on fire!
The liquid fire burns you!
You are on fire!
The liquid fire burns you!
You are on fire!
The liquid fire burns you!
You are on fire!
The liquid fire burns you!
You are on fire!
The liquid fire burns you!
You are on fire!
The liquid fire burns you!
You are on fire!
The liquid fire burns you!
You die...

######## ### #
#......#######.##+#...
#.#.####.......)@)).....
#.#.##############).....
............ ..%..
#.#.######## .... #.#.#
... #.#.# .. #.#.# .
#.#.# #.#.#


There were no monsters in sight!

Vanquished Creatures
  Sigmund (D:3)
  A black bear (D:4)
  A bullfrog (D:4)
  3 hounds (D:4)
  2 bombardier beetles (D:4)
  Jessica (D:2)
  An orc wizard (D:4)
  7 adders
  A ribbon worm (D:2)
  A dart slug (D:1)
  8 orcs
  4 ball pythons
  7 endoplasms
  2 giant cockroaches
  5 hobgoblins
  3 quokkas
  6 bats
  5 frilled lizards
  12 goblins
  9 kobolds
  5 rats
85 creatures vanquished.

Notes
Turn   | Place    | Note
-------+----------+-------------------------------------------
     0 | D:1      | qw the Spriggan Hunter began the quest for the Orb.
     0 | D:1      | Reached XP level 1. HP: 10/10 MP: 2/2
     0 | D:1      | 0 ||| qw: Version: 0.3-a-158-g18b3111
     0 | D:1      | 0 ||| qw: Game counter: 4086
     0 | D:1      | 0 ||| qw: Melee chars always use a shield: true
     0 | D:1      | 0 ||| qw: God list: Okawaru
     0 | D:1      | 0 ||| qw: Allow faded altars: false
     0 | D:1      | 0 ||| qw: Do Orc after clearing Dungeon:15 true
     0 | D:1      | 0 ||| qw: Do second Lair branch before Depths: true
     0 | D:1      | 0 ||| qw: Lair rune preference: random
     0 | D:1      | 0 ||| qw: Goals: Normal
     0 | D:1      | 0 ||| PLANNING D:1-11
    74 | D:1      | Reached skill level 3 in Dodging
   300 | D:1      | Reached XP level 2. HP: 4/14 MP: 3/3
   432 | D:1      | Reached skill level 4 in Dodging
   926 | D:1      | Reached XP level 3. HP: 18/18 MP: 4/4
   998 | D:1      | 998 ||| READING 3 scrolls labelled ZISEYSTRAPN.
   998 | D:1      | 998 ||| IDENTIFYING fuming amethyst potion
   999 | D:1      | 999 ||| READING 2 scrolls of identify.
   999 | D:1      | 999 ||| IDENTIFYING purple potion
  1000 | D:1      | 1000 ||| READING scroll of identify.
  1000 | D:1      | 1000 ||| IDENTIFYING 4 bubbling orange potions
  1001 | D:1      | 1001 ||| DROPPING scroll of butterflies.
  1293 | D:2      | Noticed Jessica
  1298 | D:2      | 1298 ||| DRINKING potion of haste.
  1299 | D:2      | Killed Jessica
  1415 | D:2      | Reached XP level 4. HP: 22/22 MP: 5/5
  1687 | D:2      | 1687 ||| READING 2 scrolls of identify.
  1687 | D:2      | 1687 ||| IDENTIFYING clear potion
  1688 | D:2      | 1688 ||| READING scroll of identify.
  1688 | D:2      | 1688 ||| IDENTIFYING scroll labelled WONOFA ZEZIE
  1689 | D:2      | 1689 ||| READING scroll of enchant weapon.
  1689 | D:2      | 1689 ||| ENCHANTING +0 shortbow.
  1690 | D:2      | 1690 ||| READING scroll labelled YNIMOD ANAGENO.
  1791 | D:2      | 1791 ||| READING scroll labelled YTOESANUNN.
  1795 | D:2      | 1795 ||| DROPPING potion of invisibility.
  1840 | D:3      | 1840 ||| PLANNING SEWER
  2081 | D:3      | Reached skill level 5 in Dodging
  2091 | D:3      | Noticed Sigmund
  2101 | D:3      | Killed Sigmund
  2102 | D:3      | Reached skill level 3 in Fighting
  2102 | D:3      | Reached XP level 5. HP: 27/28 MP: 6/6
  2102 | D:3      | Reached XP level 6. HP: 31/32 MP: 7/7
  2423 | D:3      | Found a sacrificial altar of Ru.
  2783 | D:3      | Found a glowing drain.
  2784 | D:3      | 2784 ||| RIP SEWER
  2784 | D:3      | 2784 ||| PLANNING D:1-11
  2855 | D:3      | 2855 ||| UPGRADING to +2 robe.
  2865 | D:3      | 2865 ||| DROPPING +0 robe.
  2866 | D:3      | 2866 ||| READING 4 scrolls of identify.
  2866 | D:3      | 2866 ||| IDENTIFYING 2 silvery potions
  2867 | D:3      | 2867 ||| READING 3 scrolls of identify.
  2867 | D:3      | 2867 ||| IDENTIFYING scroll labelled XOMIUNWIUTU
  2868 | D:3      | 2868 ||| READING 2 scrolls of identify.
  2868 | D:3      | 2868 ||| IDENTIFYING scroll labelled CYEZEY APAM
  2869 | D:3      | 2869 ||| READING scroll of identify.
  2869 | D:3      | 2869 ||| IDENTIFYING scroll labelled SERGHU BEOGIFO
  2870 | D:3      | 2870 ||| DROPPING scroll of revelation.
  2871 | D:3      | 2871 ||| DROPPING scroll of blinking.
  2872 | D:3      | 2872 ||| DROPPING scroll of vulnerability.
  2960 | D:4      | Identified the amulet of Emnaqays {rPois Regen+ Str+3 Int+3
                  | Dex+3}
  3006 | D:4      | Found Reuhebu's Distillery.
  3010 | D:4      | Found Gaosorph's Antique Weapon Shoppe.
  3017 | D:4      | 3017 ||| BUYING potion of curing (42 gold).
  3017 | D:4      | Bought a potion of curing for 42 gold pieces
  3017 | D:4      | 3017 ||| BUYING potion of curing (42 gold).
  3017 | D:4      | Bought a potion of curing for 42 gold pieces
  3017 | D:4      | 3017 ||| BUYING potion of curing (42 gold).
  3017 | D:4      | Bought a potion of curing for 42 gold pieces
  3017 | D:4      | 3017 ||| SHOPLISTING potion of enlightenment (70 gold, have
                  | 67).
  3037 | D:4      | Found Sital's Antique Weapon Emporium.
  3046 | D:4      | 3046 ||| SHOPLISTING orcbow (87 gold, have 67).
  3081 | D:4      | Found Pohynaluz's Armour Emporium.
  3104 | D:4      | Reached skill level 6 in Ranged Weapons
  3167 | D:4      | 3167 ||| UPGRADING to amulet of Emnaqays {rPois Regen+
                  | Str+3 Int+3 Dex+3}.
  3176 | D:4      | 3176 ||| FLEEEEING.
  3177 | D:4      | 3177 ||| FLEEEEING.
  3178 | D:4      | 3178 ||| FLEEEEING.
  3189 | D:4      | Found Asaemut's Antique Weapon Emporium.
  3198 | D:4      | 3198 ||| SHOPLISTING arbalest (108 gold, have 67).
  3249 | D:4      | 3249 ||| RETREEEEATING.
  3251 | D:4      | Reached XP level 7. HP: 36/36 MP: 8/8
  3260 | D:4      | Reached skill level 6 in Dodging
  3303 | D:4      | Found an iron altar of Okawaru.
  3304 | D:4      | 3304 ||| PLANNING OKAWARU WORSHIP
  3304 | D:4      | 3304 ||| READING scroll of identify.
  3304 | D:4      | 3304 ||| IDENTIFYING scroll labelled ICLUSO RIPH
  3312 | D:4      | Became a worshipper of Warmaster Okawaru
  3313 | D:4      | 3313 ||| PLANNING D:1-11
  3400 | D:4      | Reached skill level 7 in Dodging
  3403 | D:4      | HP: 9/36 [burnt (5)]
  3405 | D:4      | HP: 2/36 [burnt (5)]
  3406 | D:4      | Incinerated by a bombardier beetle

Levels and vault maps discovered:
D:1:      erik_arrival_triangle_medium, layout_basic, st_stairs_5
D:2:      layout_loops_cross, serial_bayou_pond_b, serial_bayou_pond_a,
          minmay_cut_off, uniq_jessica
D:3:      layout_basic, nicolae_ru_awakened_eye, portal_sewer_entry_d,
          nicolae_elevator_lobby_plus, uniq_sigmund
D:4:      layout_basic, kennysheep_okawaru_gauntlet,
          chequers_temple_overflow_statue_of_worship, serial_shops,
          nicolae_shop_window_shopping, shop, nicolae_shop_peninsula,
          nicolae_shop_pleasant_corner_grove, nicolae_stop_n_shop_1,
          minmay_manual_mandibuliform, uniq_duvessa

Skill      XL: |  1  2  3  4  5  6  7 |
---------------+----------------------+-----
Dodging        | 3 4 5 7 |  7.0
Ranged Weapons | 5 6 |  6.3
Fighting       | 3 |  3.6
Stealth        | |  1.5

Action                     |  1- 3 |  4- 6 |  7- 9 || total
---------------------------+-------+-------+-------++-------
   Fire: Shortbow          |    94 |   134 |    43 ||   271
    Use: Scroll            |     3 |     9 |     1 ||    13
         Potion            |     1 |       |       ||     1
 Armour: Robe              |     9 |    23 |     9 ||    41
  Dodge: Dodged            |    18 |    58 |    22 ||    98

Table legend:
 A = Non-vault XP
 B = Vault XP
 C = Vault XP percentage of total XP
 D = Non-vault monster count
 E = Vault monster count
 F = Vault count percentage of total count
                 A         B        C        D         E       F
            +---------+---------+-------+---------+---------+-------
      Total |     470 |     489 |  51.0 |      66 |      19 |  22.4
            +---------+---------+-------+---------+---------+-------
        D:1 |      38 |       4 |   9.5 |      22 |       2 |   8.3
        D:2 |      33 |      59 |  64.1 |      12 |       8 |  40.0
        D:3 |      45 |     236 |  84.0 |      13 |       2 |  13.3
        D:4 |     354 |     190 |  34.9 |      19 |       7 |  26.9
            +---------+---------+-------+---------+---------+-------
